[Event "Early-Titled-Tuesday-Blitz-February-06-2024"]
[Site "Chess.com"]
[Date "2024.02.06"]
[Round "6"]
[White "SaqoChess_Twitch"]
[Black "VinzentSpitzl"]
[Result "1-0"]
[WhiteElo "2609"]
[BlackElo "2458"]
[TimeControl "180+1"]
[EndTime "9:07:48 PST"]
[Termination "SaqoChess_Twitch won on time"]

1. d4 Nf6 2. c4 e6 3. Nc3 d5 4. cxd5 exd5 5. Bg5 Be7 6. e3 h6 7. Bh4 c6 8. Bd3 O-O 9. Qc2 Re8 10. Nf3 Ne4 11.
Bxe7 Qxe7 12. O-O Bf5 13. Nd2 Nd7 14. Bxe4 Bxe4 15. Ndxe4 dxe4 16. Rad1 Nf6 17. d5 Rac8 18. dxc6 Rxc6 19. Qa4 a6 20. Rd4 b5 21. Qb3 Rd8 22. Rfd1 Rcd6 23. h3 Rxd4 24. exd4 e3 25. Qc2 exf2+ 26.
Qxf2 b4 27. Na4 Qd6 28. Nc5 Qd5 29. Nxa6 Qxa2 30. Nc5 Qd5 31. Qd2 Re8 32. Qf2 Ne4 33. Qe3 Nf6 34. Qf3 Qxf3 35. gxf3 Nd5 36. Kf2 g5 37. h4 gxh4 38. Ne4 Rc8 39. Nc5 Ra8 40.
Rh1 Ra2 41. Nd3 Ra1 42. Rxa1 1-0

[Event "Early-Titled-Tuesday-Blitz-February-06-2024"]
[Site "Chess.com"]
[Date "2024.02.06"]
[Round "6"]
[White "alvarorodriguezavila"]
[Black "mortngabriel"]
[Result "0-1"]
[WhiteElo "2371"]
[BlackElo "2511"]
[TimeControl "180+1"]
[EndTime "9:07:48 PST"]
[Termination "mortngabriel won on time"]

1. e4 c5 2. d4 cxd4 3. c3 dxc3 4. Bc4 Nc6 5. Nxc3 d6 6. Nf3 a6 7. O-O Nf6 8. h3 e6 9. Qe2 Qc7 10. Rd1 Be7 11. Bf4 Ne5 12. Bb3 O-O 13. Rac1 Qb8 14.
Nd4 Bd7 15. Rd2 b5 16. Bg3 Rc8 17. Rcd1 Qb7 18. Kh2 b4 19. Nd5 exd5 20. exd5 Ng6 21. Qf3 Re8 22. Rc1 Rac8 23. Rdc2 Rxc2 24. Rxc2 Bf8 25.
Nc6 Ne4 26. h4 Nxg3 27. fxg3 Ne5 28. Nxe5 Rxe5 29. Rf2 Be8 30. Rc2 g6 31. Qf6 Qe7 32.
Qf4 Bg7 33. Rc8 Qd7 34. Ra8 Qb5 35. Qg4 h5 36. Qc8 Kh7 37. Qc7 Re2 38. Bc4 Rc2 39.
Bxb5 Rxc7 40. Bxe8 Bxb2 41. Rxa6 Be5 42. Ba4 Rc3 43. Bb3 Rxg3 44. Kh1 Rc3 45. Ra7 Rc1+ 0-1

[Event "Early-Titled-Tuesday-Blitz-February-06-2024"]
[Site "Chess.com"]
[Date "2024.02.06"]
[Round "6"]
[White "Anton_Demchenko"]
[Black "hakanazeri2"]
[Result "1-0"]
[WhiteElo "2892"]
[BlackElo "2654"]
[TimeControl "180+1"]
[EndTime "9:07:49 PST"]
[Termination "Anton_Demchenko won by checkmate"]

1. e4 c5 2. Nc3 d6 3. d4 cxd4 4. Qxd4 Nc6 5. Bb5 Bd7 6. Bxc6 bxc6 7. e5 d5 8. Nge2 e6 9. O-O c5 10. Qg4 Ne7 11. Ng3 Ng6 12. Re1 Rb8 13. b3 Rb4 14. Qe2 Bc6 15. Bd2 Be7 16. a3 Rh4 17. Nb5 Qb8 18. Nd6+ Bxd6 19. exd6 O-O 20. Bg5 Qxd6 21. Bxh4 Nxh4 22. Qg4 Ng6 23. b4 d4 24. Rad1 Qd5 25.
f3 Rd8 26. h4 Qc4 27. bxc5 Qxc5 28. Kh2 Ne5 29. Qf4 f6 30. Ne4 Qxc2 31. Rc1 Qa4 32. Rc5 Nf7 33. Qc7 Bd5 34. Rxd5 exd5 35. Ng3 Qd7 36. Qxd7 Rxd7 37. Re8# 1-0

[Event "Early-Titled-Tuesday-Blitz-February-06-2024"]
[Site "Chess.com"]
[Date "2024.02.06"]
[Round "6"]
[White "margarita_2703"]
[Black "Savagelittlemole"]
[Result "1-0"]
[WhiteElo "2355"]
[BlackElo "2482"]
[TimeControl "180+1"]
[EndTime "9:07:50 PST"]
[Termination "margarita_2703 won on time"]

1. e4 c5 2. Nf3 d6 3. d4 cxd4 4. Qxd4 Nf6 5. Nc3 Nc6 6. Bb5 Bd7 7. Bxc6 bxc6 8. O-O e5 9. Qd3 h6 10. Rd1 Be7 11. b3 O-O 12. Ba3 c5 13. Ne2 Nh5 14. c4 Qc8 15. Bc1 f5 16. Be3 fxe4 17. Qxe4 Bc6 18. Qg6 Bxf3 19. gxf3 Qh3 20. Ng3 Nf4 21. Bxf4 Rxf4 22. Rd3 Raf8 23. Nh5 R4f7 24. f4 Qf5 25.
Rg3 Qxg6 26. Rxg6 exf4 27. Kh1 Bf6 28. Rd1 Be5 29. f3 Rf5 30. Nxg7 Bxg7 31. Rdg1 R8f7 32. Rxd6 Kh7 33. Re1 R5f6 34. Rd5 Rg6 35. Rxc5 Bd4 36. Rd5 Bf2 37. Rf1 Rfg7 38. Rdd1 Be3 39. b4 h5 40. c5 h4 41. a4 h3 42. Rb1 Rg2 43. a5 Rc2 44. Rfd1 Rgg2 45. Rd7+ 1-0

[Event "Early-Titled-Tuesday-Blitz-February-06-2024"]
[Site "Chess.com"]
[Date "2024.02.06"]
[Round "6"]
[White "RianKapriaga"]
[Black "m_ezat"]
[Result "1-0"]
[WhiteElo "2294"]
[BlackElo "2460"]
[TimeControl "180+1"]
[EndTime "9:07:50 PST"]
[Termination "RianKapriaga won by checkmate"]

1. d4 Nf6 2. Nf3 d5 3. Bf4 c5 4. e3 Nc6 5. Nbd2 Bg4 6. c3 e6 7. Bb5 Bxf3 8. Nxf3 Bd6 9. Bg3 O-O 10. O-O Ne7 11. Bd3 Ng6 12. Re1 Nh5 13. Bxd6 Qxd6 14.
Rb1 Nf6 15. b4 cxb4 16. cxb4 Rac8 17. Qb3 Ne4 18. Rec1 f5 19. a3 f4 20. Bxe4 dxe4 21. Ng5 Qd5 22. Qxd5 exd5 23. Ne6 Rfe8 24. Nxf4 Nxf4 25.
exf4 b6 26. Kf1 Rc4 27. Rxc4 dxc4 28. Ke2 b5 29. Ke3 Kf7 30. d5 Ke7 31. Kd4 Kd6 32.
Re1 Rf8 33. Rxe4 Rf6 34. g3 h6 35. h4 g5 36. fxg5 hxg5 37. hxg5 Rf5 38. Re6+ Kd7 39. f4 Rf7 40. g6 Rg7 41. f5 Rg8 42. g4 Rc8 43. g7 c3 44. Rc6 Rg8 45. f6 a5 46.
Kxc3 axb4+ 47. axb4 Ra8 48. f7 Ra3+ 49. Kd4 Rf3 50.
f8=Q Rxf8 51. gxf8=N+ Ke7 52. Ne6 Kf6 53. Rc5 Kg6 54.
Rxb5 Kf6 55. Rc5 Kg6 56. b5 Kf6 57. b6 Kg6 58. b7 Kf6 59. b8=Q Kg6 60. Qg8+ Kf6 61.
Qg7# 1-0

[Event "Early-Titled-Tuesday-Blitz-February-06-2024"]
[Site "Chess.com"]
[Date "2024.02.06"]
[Round "6"]
[White "baki83"]
[Black "Dinosaurio_1975"]
[Result "1-0"]
[WhiteElo "2802"]
[BlackElo "2590"]
[TimeControl "180+1"]
[EndTime "9:07:51 PST"]
[Termination "baki83 won on time"]

1. e4 c6 2. Nf3 d5 3. Nc3 dxe4 4. Nxe4 Nf6 5. Qe2 Nxe4 6. Qxe4 Nd7 7. Bc4 Nf6 8. Ne5 e6 9. Qe2 b5 10. Bd3 Bd6 11. a4 a6 12. axb5 Qc7 13. Nc4 Bc5 14. bxc6 Qxc6 15. Qf3 Qxf3 16. gxf3 Bb7 17. Be2 Ng4 18.
Na5 Bd5 19. c4 Nxf2 20. Rf1 Bxf3 21. Bxf3 Nd3+ 22. Ke2 O-O-O 23. Nb7 Rd7 24. Nxc5 Nxc5 25. b4 Nb3 26. Rxa6 Rhd8 27. Ra8+ Kc7 28. Rxd8 Rxd8 29.
d3 Nd4+ 30. Kd2 e5 31. Bb2 Nb3+ 32. Kc3 Nd4 33. Bd5 f5 34. Ra1 Kb6 35. c5+ Kc7 36. Bc4 e4 37. Kd2 Nf3+ 38. Ke3 g5 39. dxe4 fxe4 40. Ra7+ Kc6 41. Ba3 Nd4 42. b5+ Nxb5 43.
Ra6+ Kb7 44. Bxb5 1-0

[Event "Early-Titled-Tuesday-Blitz-February-06-2024"]
[Site "Chess.com"]
[Date "2024.02.06"]
[Round "6"]
[White "KetiTsatsalashvili"]
[Black "Semetey"]
[Result "0-1"]
[WhiteElo "2436"]
[BlackElo "2641"]
[TimeControl "180+1"]
[EndTime "9:07:51 PST"]
[Termination "Semetey won by checkmate"]

1. d4 d5 2. Nf3 Nf6 3. e3 e6 4. Bd3 Be7 5. O-O O-O 6. Ne5 c5 7. b3 Nc6 8. Bb2 Qc7 9. a3 Nxe5 10. dxe5 Nd7 11. f4 g6 12. Nd2 b6 13.
c4 Bb7 14. cxd5 Bxd5 15. e4 Bc6 16. Qe2 Rad8 17. a4 Bb7 18. Rac1 Rfe8 19. Bc4 Bf8 20. Nf3 Bg7 21. Ng5 h6 22. Nf3 Nb8 23. f5 Nc6 24.
fxe6 fxe6 25. Bb5 Rf8 26. Bc4 Rde8 27. Qe3 Kh7 28. Bc3 Nxe5 29. Nxe5 Bxe5 30. Rxf8 Rxf8 31. Bxe6 Bxh2+ 32. Kh1 Bf4 33. Qe1 Qe7 34. Bh3 Bxc1 35. Qxc1 Bxe4 36. Qe1 Rf7 37. Bb2 Bf5 38. Qc3 Qf8 39.
Bxf5 Rxf5 40. Kh2 h5 41. a5 bxa5 42. Qxa5 Qd6+ 43. Kh3 Rf7 44. Qc3 Qd4 45. Qxd4 cxd4 46. Bxd4 Rb7 47. b4 a6 48. Bc5 g5 49. Kg3 Rf7 50. Kh3 Kg6 51. Kg3 Rf1 52. Kh3 Kf5 53. Kg3 h4+ 54. Kh2 g4 55. Be7 g3+ 56. Kh3 Rh1# 0-1

[Event "Early-Titled-Tuesday-Blitz-February-06-2024"]
[Site "Chess.com"]
[Date "2024.02.06"]
[Round "6"]
[White "HATilay"]
[Black "annamaja"]
[Result "1-0"]
[WhiteElo "2518"]
[BlackElo "2382"]
[TimeControl "180+1"]
[EndTime "9:07:51 PST"]
[Termination "HATilay won on time"]

1. d4 d5 2. c4 c6 3. Nf3 Nf6 4. Nc3 e6 5. g3 Bd6 6. Bg2 Nbd7 7.
Nd2 O-O 8. e4 dxe4 9. Ndxe4 Nxe4 10. Bxe4 Nf6 11. Bg2 c5 12. O-O cxd4 13. Qxd4 Be7 14. Be3 Qxd4 15. Bxd4 Rd8 16. Rfd1 Nd7 17. Rd2 e5 18. Be3 Nf6 19. Rxd8+ Bxd8 20. b3 Ba5 21. Nb5 a6 22. Nd6 Ng4 23. Bc5 Be6 24. Bxb7 Rd8 25. Bxa6 Bc3 26. Rc1 Bd4 27. Bxd4 Rxd6 28. Bb7 exd4 29. c5 Rd8 30. c6 Bc8 31. a4 d3 32.
a5 d2 33. Rd1 Ne5 34. Kg2 Bxb7 35. cxb7 Nc6 36. a6 f5 37. b4 Na7 38. Kf1 Kf7 39.
Ke2 Ke6 40. Rxd2 Re8 41. Rc2 Kd5+ 42. Kf3 Kd6 43. b5 Nxb5 44. Rc8 Nd4+ 45. Kg2 1-0

[Event "Early-Titled-Tuesday-Blitz-February-06-2024"]
[Site "Chess.com"]
[Date "2024.02.06"]
[Round "6"]
[White "wild3000"]
[Black "LeoLV10"]
[Result "1-0"]
[WhiteElo "2374"]
[BlackElo "2490"]
[TimeControl "180+1"]
[EndTime "9:07:51 PST"]
[Termination "wild3000 won on time"]

1. d4 Nf6 2. Nf3 e6 3. g3 c5 4. Bg2 Nc6 5. O-O d5 6. c3 Be7 7.
dxc5 Bxc5 8. b4 Bd6 9. Bb2 O-O 10. a3 a6 11. Nbd2 Qe7 12. c4 Rd8 13. Qb3 Bc7 14. Rfd1 Bd7 15. Rac1 Rac8 16. e3 Be8 17. h4 b5 18. c5 e5 19. Nb1 h6 20. Nc3 e4 21.
Nd4 Nxd4 22. Rxd4 Bc6 23. Rcd1 Qe6 24. Ne2 Qf5 25. R4d2 Ng4 26. Nd4 Qf6 27. Nxb5 Qg6 28. Nxc7 Rxc7 29. Bh3 Ne5 30. Bxe5 Rb7 31. Qc3 Re8 32.
Bg2 f6 33. Bd6 Qf5 34. Kh2 g5 35. Bh3 Qg6 36. Rxd5 Rg7 37. hxg5 hxg5 38. Bf5 Qh5+ 39. Kg1 Kf7 40. Qc4 Bb5 41. Qb3 Rh8 42. Re5+ 1-0

[Event "Early-Titled-Tuesday-Blitz-February-06-2024"]
[Site "Chess.com"]
[Date "2024.02.06"]
[Round "6"]
[White "campochess"]
[Black "Iana_Shirova"]
[Result "0-1"]
[WhiteElo "2068"]
[BlackElo "2268"]
[TimeControl "180+1"]
[EndTime "9:07:52 PST"]
[Termination "Iana_Shirova won by resignation"]

1. d4 d5 2. Bg5 Nf6 3. Nd2 Ne4 4. Nxe4 dxe4 5. c3 Nd7 6. e3 h6 7. Bh4 g5 8. Bg3 Bg7 9. f3 Nf6 10. Qc2 Bf5 11. Qb3 O-O 12. h4 Nd5 13. c4 Nxe3 14. Qxe3 Bxd4 15. Qc1 e3 16. Ne2 e5 17. hxg5 hxg5 18. Nc3 c6 19. a4 Bg6 20. a5 f5 21.
Be2 Kg7 22. Qd1 Rh8 23. Rh3 f4 24. Bh2 Bf5 25. Qb3 Bxh3 26. gxh3 b6 27. O-O-O Rxh3 28. Bg1 Qe7 29. Ne4 bxa5 30. c5 Rhh8 31. Rxd4 exd4 32. Nd6 Raf8 33. Qd3 Rh1 34. Qxd4+ Qf6 35. Nf5+ Kg6 36. Qxf6+ Kxf6 37. Nd6 Rxg1+ 38. Kc2 Rd8 39. Kd3 Ke7 40. b3 Rxd6+ 41. cxd6+ Kxd6 42. Kc3 Rg2 0-1

[Event "Early-Titled-Tuesday-Blitz-February-06-2024"]
[Site "Chess.com"]
[Date "2024.02.06"]
[Round "6"]
[White "rasmussvane"]
[Black "LyonBeast"]
[Result "1/2-1/2"]
[WhiteElo "2975"]
[BlackElo "3153"]
[TimeControl "180+1"]
[EndTime "9:07:53 PST"]
[Termination "Game drawn by repetition"]

1. Nf3 d5 2. g3 g6 3. Bg2 Bg7 4.
d4 Nf6 5. O-O O-O 6. c4 c6 7. Qb3 a5 8. Rd1 a4 9. Qb4 Re8 10.
cxd5 cxd5 11. Bf4 Nc6 12. Qe1 Qb6 13. Nc3 Bf5 14. Qd2 Ne4 15. Nxe4 Bxe4 16. Ne5 Bxg2 17. Kxg2 e6 18. Nxc6 bxc6 19. Rac1 Bf8 20. Rc2 Rec8 21.
Rdc1 c5 22. dxc5 Rxc5 23. Rxc5 Bxc5 24. Be5 Bf8 25. Qf4 Bg7 26. Rc7 Rf8 27. Bxg7 Kxg7 28. Rc2 Qb5 29. Qe5+ Kg8 30. h4 h5 31. Qf4 Rb8 32.
Rc7 Qe8 33. Qd4 Qf8 34. Ra7 Rb4 35. Qc3 d4 36. Qc6 Rxb2 37. Rxa4 Kg7 38. Rxd4 Rxe2 39. a4 Qa3 40. Qf3 Qxf3+ 41. Kxf3 Ra2 42. Rb4 Kf6 43. Kg2 Kf5 44. Rf4+ Ke5 45. Rxf7 Rxa4 46. Rf8 Ra2 47.
Kh3 Ra1 48. Kg2 Ra2 49. Kh3 Ra1 50. Rf3 Ra2 51. Rf7 Ra1 52. Kh2 Ra2 53. Kg2 Rb2 54. Kh3 Rb1 55. Rf8 Ra1 1/2-1/2

[Event "Early-Titled-Tuesday-Blitz-February-06-2024"]
[Site "Chess.com"]
[Date "2024.02.06"]
[Round "6"]
[White "tetrix83"]
[Black "rezamahdavi2008"]
[Result "1-0"]
[WhiteElo "2594"]
[BlackElo "2855"]
[TimeControl "180+1"]
[EndTime "9:07:53 PST"]
[Termination "tetrix83 won on time"]

1. e4 e5 2. Nf3 Nc6 3. Bb5 a6 4. Bxc6 dxc6 5. O-O Bg4 6. h3 h5 7. d3 Qf6 8. Nbd2 g5 9. d4 O-O-O 10. dxe5 Qh6 11.
Qe2 Ne7 12. Qe3 Rg8 13. Qa7 Ng6 14. Rd1 Bxf3 15. Qa8+ Kd7 16. Nxf3+ Bd6 17. Qxb7 Nxe5 18. Nxe5+ Ke6 19. Nd3 Ke7 20. Be3 Kf8 21. e5 Be7 22. Qxc7 Qg6 23. Bc5 Re8 24. Bxe7+ Rxe7 25. Qd8+ Re8 26.
Qd6+ Kg7 27. Qxg6+ Kxg6 28. Re1 Kf5 29. b3 Rd8 30. a4 Rd4 31. Re3 g4 32. Rae1 a5 33.
hxg4+ hxg4 34. f3 g3 35. f4 Rh8 36. Rxg3 c5 37. Rg5+ Ke6 38. Nxc5+ Ke7 39. Nd3 Rc8 40. Re2 Rh8 41. f5 Rd5 42. e6 Kf6 43. Rg3 Rxf5 44. e7 Re5 45. Rf3+ 1-0

[Event "Early-Titled-Tuesday-Blitz-February-06-2024"]
[Site "Chess.com"]
[Date "2024.02.06"]
[Round "6"]
[White "Ruchess27"]
[Black "BeardedNM"]
[Result "1-0"]
[WhiteElo "2459"]
[BlackElo "2221"]
[TimeControl "180+1"]
[EndTime "9:07:53 PST"]
[Termination "Ruchess27 won by resignation"]

1. d4 e6 2. c4 Nf6 3. Nf3 d5 4. Nc3 dxc4 5. e3 c5 6. Bxc4 Nc6 7. O-O cxd4 8. exd4 Be7 9. Be3 O-O 10. Qe2 a6 11. Rad1 b5 12. Bd3 Bb7 13. a3 Rc8 14. Bb1 Na5 15. Ne5 Nc4 16. Bc1 Nxa3 17. bxa3 Rxc3 18. Bb2 Rc7 19. Rfe1 Qd5 20. f3 Rfc8 21. Qd3 b4 22. Ng4 Qh5 23. Nxf6+ gxf6 24. axb4 Bxb4 25. Rf1 Bc3 26. Rf2 Bxb2 27. Rxb2 Qd5 28. Qxh7+ Kf8 29. Be4 Qd7 30. Bxb7 Rxb7 31. Re2 Ke7 32. d5 e5 33. Qe4 Rbc7 34. d6+ Kf8 35. Qh7 Qxd6 36. Rxd6 Rc1+ 37. Kf2 R8c2 38. Rxc2 Rxc2+ 39. Qxc2 Ke7 40. Qc7+ 1-0

[Event "Early-Titled-Tuesday-Blitz-February-06-2024"]
[Site "Chess.com"]
[Date "2024.02.06"]
[Round "6"]
[White "tylityli"]
[Black "Happy1712Drummer"]
[Result "1-0"]
[WhiteElo "2250"]
[BlackElo "2385"]
[TimeControl "180+1"]
[EndTime "9:07:53 PST"]
[Termination "tylityli won by checkmate"]

1. d4 d5 2. c4 e6 3. Nc3 a6 4. cxd5 exd5 5. Bf4 Nf6 6. e3 Bd6 7. Bg3 O-O 8. Qc2 Be6 9. Bd3 c6 10. Bh4 g6 11. Nge2 Nbd7 12. h3 Qc7 13. O-O Rfe8 14.
Rac1 Kg7 15. f4 Ne4 16. Nxe4 dxe4 17. Bxe4 Bxa2 18. Bf2 Nf6 19. Bd3 Bd5 20. Nc3 Rac8 21. e4 Bxf4 22. exd5 Bxc1 23. Rxc1 cxd5 24. Qb3 b5 25.
Rf1 Qd6 26. Bh4 Re6 27. Bb1 b4 28. Na4 Ne4 29. Bxe4 Rxe4 30. Bf6+ Kg8 31. Nc5 Rf4 32. Be5 Rxf1+ 33. Kxf1 Qc6 34. Qxb4 f6 35. Bg3 Re8 36. Kg1 f5 37. Kh2 Qf6 38. Be5 Qg5 39. Qb7 f4 40.
Qg7# 1-0

[Event "Early-Titled-Tuesday-Blitz-February-06-2024"]
[Site "Chess.com"]
[Date "2024.02.06"]
[Round "6"]
[White "bennyficial"]
[Black "BashirliSaadat"]
[Result "0-1"]
[WhiteElo "2113"]
[BlackElo "2337"]
[TimeControl "180+1"]
[EndTime "9:07:53 PST"]
[Termination "BashirliSaadat won on time"]

1. Nf3 d5 2. e3 Nf6 3. c4 c6 4.
Nc3 g6 5. b3 Bg7 6. Bb2 O-O 7.
d4 Bf5 8. Be2 Nbd7 9. O-O Ne4 10. Nxe4 Bxe4 11. Nd2 Bf5 12. Re1 Re8 13. cxd5 cxd5 14.
Bf3 Nb6 15. e4 dxe4 16. Nxe4 Nd5 17. Nc5 b6 18. Nd3 Rc8 19. Ne5 Nb4 20. Rc1 Bxe5 21.
Rxc8 Bxh2+ 22. Kxh2 Qxc8 23. Be4 Qc7+ 24. g3 Bxe4 25.
Rxe4 Nd5 26. Qd2 Nf6 27. Rh4 Qd7 28. d5 Qxd5 29. Qh6 e5 30. g4 Qf3 31. Qd2 Nxg4+ 32.
Kg1 Nf6 33. Qg5 Qf5 34. Qxf5 gxf5 35. Rh3 Kg7 36. Rg3+ Kf8 37. Kf1 Re6 38. Ba3+ Ke8 39. Rg7 h5 40. Rg5 f4 41. Rf5 Kd7 42. Bb2 Ng4 43.
Rxh5 Kd6 44. Rg5 Nf6 45. Kg2 Ne4 46. Rf5 Rg6+ 47. Kf3 Ng5+ 48. Ke2 f6 0-1

[Event "Early-Titled-Tuesday-Blitz-February-06-2024"]
[Site "Chess.com"]
[Date "2024.02.06"]
[Round "6"]
[White "Karttunen"]
[Black "WiktoriaPOL"]
[Result "1-0"]
[WhiteElo "2669"]
[BlackElo "2260"]
[TimeControl "180+1"]
[EndTime "9:07:56 PST"]
[Termination "Karttunen won by checkmate"]

1. e4 c5 2. Nf3 d6 3. d4 cxd4 4. Nxd4 Nf6 5. Nc3 a6 6. f3 e5 7.
Nb3 Be6 8. Be3 Nbd7 9. Qd2 b5 10.
a4 b4 11. Nd5 Bxd5 12. exd5 Nb6 13. Bxb6 Qxb6 14. a5 Qb7 15. Bc4 Be7 16. Ra4 Rb8 17. Qd3 O-O 18. O-O Ra8 19. Kh1 Nd7 20. Qd2 Rab8 21. Bd3 Nc5 22. Nxc5 dxc5 23. Bc4 Rfd8 24. Qd3 Ra8 25. Raa1 Bd6 26. g3 g6 27. h4 Kg7 28. Kg2 Re8 29. h5 Qe7 30. Qe3 e4 31. f4 f5 32. Rh1 Qf6 33. c3 bxc3 34. Qxc3 Qxc3 35. bxc3 Reb8 36. h6+ Kf6 37. Rhb1 Bc7 38. Rxb8 Bxb8 39. Rb1 Bc7 40. Rb7 Bxa5 41. Rxh7 Bxc3 42. Rc7 Rh8 43. h7 Bd4 44. d6 a5 45. Rf7# 1-0

[Event "Early-Titled-Tuesday-Blitz-February-06-2024"]
[Site "Chess.com"]
[Date "2024.02.06"]
[Round "6"]
[White "AlmasRakhmatullaev"]
[Black "jefferyx"]
[Result "1-0"]
[WhiteElo "2914"]
[BlackElo "3003"]
[TimeControl "180+1"]
[EndTime "9:07:57 PST"]
[Termination "AlmasRakhmatullaev won by checkmate"]

1. e4 c5 2. Nf3 d6 3. d4 cxd4 4. Qxd4 Nc6 5. Bb5 a6 6. Bxc6+ bxc6 7. c4 e5 8. Qd3 Ne7 9. Nc3 Ng6 10. h3 Be7 11. Be3 O-O 12. g4 Be6 13. O-O-O a5 14. Qe2 Qb8 15. h4 Qb4 16. h5 Nf4 17. Bxf4 exf4 18.
Nd4 Bxc4 19. Qd2 Bg5 20. h6 Rfb8 21. Kb1 f3 22. Qc2 Bf6 23. hxg7 Bxd4 24. Rxd4 Bxa2+ 25. Nxa2 Qxd4 26. e5 f5 27. exf6 Kf7 28. g8=Q+ Rxg8 29. Qxh7+ Ke6 30. Qe7+ Kd5 31. Nc3+ Kc5 32. Rd1 Qf4 33. Rxd6 Rge8 34. Rd5+ Kb6 35. Qc5+ Kc7 36. Rd1 Rad8 37. Nb5+ Kb7 38. Qa7+ Kc8 39. Qa6+ Kb8 40. Qb6+ Kc8 41. Na7# 1-0

[Event "Early-Titled-Tuesday-Blitz-February-06-2024"]
[Site "Chess.com"]
[Date "2024.02.06"]
[Round "6"]
[White "Drags95"]
[Black "Baby_Legs"]
[Result "1-0"]
[WhiteElo "2844"]
[BlackElo "2642"]
[TimeControl "180+1"]
[EndTime "9:07:57 PST"]
[Termination "Drags95 won by resignation"]

1. d4 Nf6 2. c4 e6 3. Nc3 Bb4 4. e3 O-O 5. Bd3 d5 6. a3 Bxc3+ 7. bxc3 dxc4 8. Bxc4 c5 9. Nf3 Qc7 10. Be2 b6 11.
Bb2 Ba6 12. c4 cxd4 13. Nxd4 Bxc4 14. Qc2 b5 15. O-O Na6 16. a4 Nb4 17. Qc1 Qb6 18.
Bxc4 bxc4 19. Qxc4 Rfc8 20. Qb5 Nbd5 21. Rfc1 h6 22. h3 a6 23. Qxb6 Nxb6 24. Nc6 Kh7 25.
a5 Nbd5 26. Bd4 Ne4 27. f3 Nd6 28. Ne5 f6 29. Nd7 Nb5 30. Nb6 Rxc1+ 31. Rxc1 Rd8 32. Nxd5 Rxd5 33. Bb6 e5 34. Rc8 Rd1+ 35. Kh2 h5 36. h4 Nd6 37. Rd8 Rd2 38. e4 Nc4 39. Ra8 Nxb6 40. axb6 Rb2 41. Rxa6 Rb1 42. Kg3 Rb2 43. Kh3 Kg6 44. g4 Rb3 45. Kg3 Rb2 46. gxh5+ Kxh5 47. Ra7 Kg6 48. b7 Kh6 49. Kg4 Kg6 50. h5+ Kh6 51. Kf5 Rb6 52. Ra8 g6+ 53. hxg6 Rxb7 54.
Rh8+ Kg7 55. Rh7+ 1-0

[Event "Early-Titled-Tuesday-Blitz-February-06-2024"]
[Site "Chess.com"]
[Date "2024.02.06"]
[Round "6"]
[White "soloderisas"]
[Black "Ginger_GM"]
[Result "1-0"]
[WhiteElo "2530"]
[BlackElo "2672"]
[TimeControl "180+1"]
[EndTime "9:07:57 PST"]
[Termination "soloderisas won on time"]

1. d4 e6 2. Nf3 f5 3. Bf4 Nf6 4. e3 b6 5. Be2 Bb7 6. O-O Be7 7. c4 Ne4 8. h3 d6 9. Nbd2 g5 10. Bh2 O-O 11. Nxe4 Bxe4 12. Nd2 Bb7 13. Bf3 Qc8 14. Rc1 Nd7 15. b4 a5 16. c5 bxc5 17. bxc5 Bxf3 18.
Qxf3 d5 19. Rb1 Nf6 20. Rb5 Ne4 21. Nxe4 dxe4 22. Qe2 Qd7 23. Rb7 Rac8 24. Qa6 f4 25. exf4 gxf4 26. Re1 Qd5 27. Rb2 Bf6 28. Rbe2 e3 29. fxe3 fxe3 30. Be5 Bxe5 31. dxe5 Ra8 32. Qb5 Rfb8 33. Qa4 Rb4 34. Qc2 Rc4 35. Qb3 a4 36.
Qxe3 Qxc5 37. Qxc5 Rxc5 38. Rf1 Raa5 39. Rf4 a3 40. Rg4+ Kf7 41. Rf2+ Ke8 42. Rg8+ Ke7 43. Rg7+ Ke8 44. Rxh7 Rxe5 45. Rff7 Rad5 46. Re7+ Kd8 47. Rxc7 Re2 48. Ra7 1-0

[Event "Early-Titled-Tuesday-Blitz-February-06-2024"]
[Site "Chess.com"]
[Date "2024.02.06"]
[Round "6"]
[White "NelsonLinda"]
[Black "kekic76"]
[Result "1-0"]
[WhiteElo "2581"]
[BlackElo "2360"]
[TimeControl "180+1"]
[EndTime "9:07:57 PST"]
[Termination "NelsonLinda won by resignation"]

1. Nf3 d6 2. g3 e5 3. d3 Nc6 4. Bg2 g6 5. O-O Bg7 6. c4 f5 7. Nc3 Nf6 8. Rb1 Be6 9. b4 Qd7 10. b5 Nd8 11. Qa4 O-O 12. Ba3 h6 13. c5 Kh7 14. Rfc1 Ne8 15. c6 bxc6 16. bxc6 Qc8 17. Nd2 e4 18. dxe4 f4 19. Nd5 fxg3 20. hxg3 Bh3 21. Bf3 Ne6 22. Bb2 Ng5 23. Bh1 Qg4 24. Bxg7 Nxg7 25. Re1 Rf7 26. Nf3 Rxf3 27. exf3 Nxf3+ 28. Bxf3 Qxf3 29. Nf4 Nh5 30. Qb3 Qg4 31. Qf7+ Ng7 32.
Nxh3 Qxh3 33. Rb7 Rc8 34. Rxc7 Rxc7 35. Qxc7 h5 36. Qxd6 h4 37. Qf4 Nh5 38. Qxh4 Qc8 39. Rc1 Qc7 40. Qg5 a5 41. Qd5 Nxg3 42. Qd7+ Qxd7 43.
cxd7 Ne2+ 44. Kf1 Nxc1 45. d8=Q 1-0

[Event "Early-Titled-Tuesday-Blitz-February-06-2024"]
[Site "Chess.com"]
[Date "2024.02.06"]
[Round "6"]
[White "noblerone"]
[Black "DarZay"]
[Result "0-1"]
[WhiteElo "2448"]
[BlackElo "2281"]
[TimeControl "180+1"]
[EndTime "9:07:58 PST"]
[Termination "DarZay won on time"]

1. d4 d5 2. c4 e6 3. Nc3 Be7 4. Bf4 Nf6 5. e3 O-O 6. Nf3 Nbd7 7. cxd5 exd5 8. Bd3 c5 9. O-O a6 10. a4 cxd4 11. Nxd4 Nc5 12. Bc2 Nce4 13. Qd3 Be6 14.
f3 Nxc3 15. Qxc3 Rc8 16. Qd3 Qb6 17. Be5 g6 18. Rab1 Nd7 19. Bf4 Nc5 20. Qe2 Bf6 21. Rfd1 Bd7 22. b3 Ne6 23. Nxe6 fxe6 24. Bd3 Rc3 25.
Bh6 Rfc8 26. h3 Rxb3 27. Rxb3 Qxb3 28. Rb1 Qxa4 29. Rxb7 Rc1+ 30. Kh2 Bc8 31. Rb8 Be5+ 32. Bf4 Bxf4+ 33. exf4 Qxf4+ 34. g3 Qxb8 35. Qe3 Rc6 36.
h4 e5 37. Qg5 Qd6 38. h5 Qf6 39. Qe3 d4 40. Qe4 Bb7 41. Qd5+ Kg7 42. Qd7+ Kh6 43. g4 Qxf3 44. g5+ Kxg5 45. Qe7+ Kxh5 0-1

[Event "Early-Titled-Tuesday-Blitz-February-06-2024"]
[Site "Chess.com"]
[Date "2024.02.06"]
[Round "6"]
[White "JoliyRoger"]
[Black "unclear15"]
[Result "0-1"]
[WhiteElo "2504"]
[BlackElo "2404"]
[TimeControl "180+1"]
[EndTime "9:07:59 PST"]
[Termination "unclear15 won on time"]

1. d4 d5 2. Nf3 Nf6 3. c4 e6 4. e3 c5 5. cxd5 exd5 6. Nc3 c4 7.
Be2 Nc6 8. O-O Bd6 9. b3 cxb3 10.
Qxb3 O-O 11. Ba3 Bxa3 12. Qxa3 Bg4 13. h3 Bh5 14. Rab1 Na5 15. Qa4 a6 16. Qb4 b5 17.
a4 Nc4 18. axb5 Bxf3 19. Bxf3 Nd2 20. b6 Nxf1 21. Kxf1 a5 22. Qb5 Qd6 23. Nxd5 Nxd5 24. Bxd5 Rab8 25. b7 Qc7 26. Qc6 Qd8 27. Ra1 Kh8 28. Qb5 f5 29. g3 Qf6 30. Rxa5 f4 31.
gxf4 Qf5 32. Qe2 Qxh3+ 33. Kg1 Rf6 34. Bg2 Rg6 35. Qf1 h5 36. Rg5 Rxg5 37. fxg5 Qg4 38.
f4 Rxb7 39. Kh2 Rb2 40. d5 h4 41.
Kh1 Qg3 0-1

[Event "Early-Titled-Tuesday-Blitz-February-06-2024"]
[Site "Chess.com"]
[Date "2024.02.06"]
[Round "6"]
[White "NovakRatko"]
[Black "Bekkedahl"]
[Result "1-0"]
[WhiteElo "2410"]
[BlackElo "2228"]
[TimeControl "180+1"]
[EndTime "9:07:59 PST"]
[Termination "NovakRatko won by resignation"]

1. d4 Nf6 2. c4 g6 3. Nc3 Bg7 4. e4 O-O 5. f3 d6 6. Be3 c5 7.
dxc5 dxc5 8. Qxd8 Rxd8 9. Bxc5 Nc6 10. Nd5 Bd7 11. Nxe7+ Nxe7 12. Bxe7 Re8 13. Ba3 Rac8 14. Be2 Nh5 15. O-O-O Ba4 16. b3 Bc6 17. Bb2 Bh6+ 18. Kb1 Nf4 19. g3 Ne6 20. Bd3 Red8 21. Ne2 Ng5 22. Rhf1 Rd7 23. h4 Ne6 24. Bc2 Rcd8 25. Rxd7 Rxd7 26. Rd1 Rxd1+ 27. Bxd1 Be3 28. Bc2 g5 29.
hxg5 Nxg5 30. Bd4 Bd2 31. f4 Nxe4 32. Bxa7 h5 33. a3 Be1 34. Nd4 Bxg3 35. Nxc6 bxc6 36. Bxe4 h4 37. Bxc6 h3 38. Be3 f5 39. a4 Be1 40. Kc2 Kf7 41. Bd2 Bf2 42. b4 Ke6 43.
Bf3 Kd6 44. Kd3 h2 45. c5+ Kc7 46. Be3 Bg3 47. b5 Be1 48. Kc4 Ba5 49. Kd5 Bc3 50. Ke6 Bg7 51. Kxf5 Bb2 52. Ke6 Bc3 53. f5 Bb2 54.
Bf4+ Kd8 55. Bxh2 1-0